 Dungeon Crawl Stone Soup version 0.17-a0-157-g289cc6a (webtiles) character file.

37424 PolkaDot the Bewitcher (level 13, -3/99 HPs)
             Began as a Vampire Enchanter on Mar 26, 2015.
             Was a Believer of Ashenzari.
             Slain by an orc warrior
             ... wielding a +0 glaive
              (15 damage)
             ... on level 1 of the Orcish Mines.
             The game lasted 01:09:30 (18799 turns).

PolkaDot the Bewitcher (Vampire Enchanter)         Turns: 18799, Time: 01:09:31

Health: -3/99      AC: 13    Str: 16    XL:     13   Next: 58%
Magic:  12/19      EV: 13    Int: 17    God:    Ashenzari [**....]
Gold:   2085       SH:  5    Dex: 14    Spells: 5 memorised, 1 level left

rFire  . . .     SeeInvis +     n - +3 dagger (venom) (curse)
rCold  + . .     Clarity  .     c - +2 robe of Complete Protection {rElec Regen+ Int-2 Slay+3} (curse)
rNeg   + + .     SustAb   +     F - +0 buckler (curse)
rPois  +         Gourm    .     r - +0 helmet (curse)
rElec  +         Spirit   .     (no cloak)
rCorr  .         Warding  .     x - +2 pair of gloves of Sesuffes {Str+7 Stlth+} (curse)
rMut   +         Stasis   .     g - +0 pair of boots (curse)
MR     +....                    H - amulet of resist mutation (curse)
Stlth  +++++++++.               v - +4 ring of protection (curse)
                                G - ring "Roulaw" {SustAb SInv} (curse)

@: regenerating slowly, somewhat resistant to hostile enchantments, incredibly
stealthy
A: bottle blood, fangs 3, see invisible, berserk 1, dopey 1, strong 1,
unbreathing
a: Bat Form, Renounce Religion


You were on level 1 of the Orcish Mines.
You worshipped Ashenzari.
Ashenzari was pleased with you.
You were very thirsty.

You visited 3 branches of the dungeon, and saw 17 of its levels.
You also visited: Labyrinth, Trove and Sewer.

You collected 2217 gold pieces.
You spent 132 gold pieces at shops.

Inventory:

Hand weapons
 n - a cursed +3 dagger of venom (weapon)
Missiles
 e - 8 throwing nets (quivered)
Armour
 c - the cursed +2 robe of Complete Protection (worn) {rElec Regen+ Int-2 Slay+3}
   (You found it on level 8 of the Dungeon)

   It affects your intelligence (-2).
   It affects your accuracy and damage with ranged weapons and melee attacks
   (+3).
   It insulates you from electricity.
   It increases your rate of regeneration.
   It has a curse placed upon it.
 g - a cursed +0 pair of boots (worn)
 r - a cursed +0 helmet (worn)
 x - the cursed +2 pair of gloves of Sesuffes (worn) {Str+7 Stlth+}
   (You found it in a treasure trove)

   It affects your strength (+7).
   It makes you more stealthy.
   It has a curse placed upon it.
 F - a cursed +0 buckler (worn)
Jewellery
 v - a cursed +4 ring of protection (right hand)
 G - the cursed ring "Roulaw" (left hand) {SustAb SInv}
   (You found it in a treasure trove)

   [ring of sustain abilities]

   It sustains your strength, intelligence and dexterity.
   It enhances your eyesight.
   It has a curse placed upon it.
 H - a cursed amulet of resist mutation (around neck)
Magical devices
 b - a wand of draining (10)
 d - a wand of fireball (5)
 l - a wand of draining (11)
 q - a wand of cold (8)
 u - a wand of heal wounds (0)
 y - a wand of draining (4)
Scrolls
 f - 4 scrolls of enchant weapon
 i - 4 scrolls of amnesia
 j - a scroll of magic mapping
 k - 5 scrolls of teleportation
 s - 2 scrolls of curse weapon
 t - a scroll of curse jewellery
 w - a scroll of immolation
 z - 2 scrolls of summoning
 B - 2 scrolls of curse armour
 E - a scroll of fear
 J - a scroll of blinking
Potions
 a - 4 potions of restore abilities
 h - a potion of resistance
 o - 2 potions of might
 p - 6 potions of curing
 A - a potion of magic
 M - a potion of agility
Miscellaneous
 L - a sack of spiders


   Skills:
 - Level 8.4 Fighting
 - Level 11.0(13.0) Short Blades
 + Level 0.5 Throwing
 - Level 2.1(3.3) Dodging
 + Level 16.0(17.2) Stealth
 - Level 3.7(5.1) Shields
 - Level 2.0 Spellcasting
 * Level 20.2(21.8) Hexes
 - Level 1.0(2.3) Ice Magic
 - Level 2.4(4.3) Evocations


You had one spell level left.
You knew the following spells:

 Your Spells              Type           Power        Failure   Level  Hunger
a - Corona                Hex            ######.      0%          1    #......
c - Confuse               Hex            ######..     0%          3    ###....
d - Ensorcelled Hibernat  Hex/Ice        #####.       1%          2    ###....
e - Enslavement           Hex            ######..     1%          4    #####..
v - Summon Mana Viper     Hex/Summ       #####...     8%          5    ######.


Dungeon Overview and Level Annotations

Branches:
Dungeon (15/15)            Temple (1/1) D:6            Lair (0/8) D:11
    Orc (1/4) D:11         Vaults (0/5) D:14         Depths (0/5) D:15

Altars:
Ashenzari
Cheibriados
Dithmenos
Elyvilon
Fedhas
Gozag
Kikubaaqudgha
Makhleb
Nemelex Xobeh
Okawaru
Qazlal
Ru
Sif Muna
Trog
Vehumet
Xom
Yredelemnul
Zin
The Shining One
Beogh

Shops:
D:4 *   D:15 (


Innate Abilities, Weirdness & Mutations

You heal slowly.
You can bottle blood from corpses.
You have razor-sharp teeth.
You have supernaturally acute eyesight.
You can survive without breathing.
You tend to lose your temper in combat.
You are dopey. (Int -2)
Your muscles are strong. (Str +2)


Message History

Press: ? - help, Shift-Dir - straight line, f/p - orc warrior
Aim: an orc warrior, wielding a dire flail and wearing a shiny plate armour (consumed by blood-lust, chance 68%)
The orc warrior looks drowsy...
The orc priest calls down the wrath of Beogh upon you.
Something smites you!
* * * LOW HITPOINT WARNING * * *
The helpless orc warrior fails to defend itself.
You bite the orc warrior, and draw its blood!
You feel better.
You feel slightly less thirsty.
You hit the orc warrior!!!!
You kill the orc warrior!
You block the orc warrior's attack.
The orc priest calls upon Beogh to heal the orc.
The orc's wounds heal themselves!
The orc warrior hits you from afar with a glaive!!
* * * LOW HITPOINT WARNING * * *
The orc priest mumbles some strange prayers to Beogh against you.
Something smites you!
* * * LOW HITPOINT WARNING * * *
The orc warrior hits you from afar with a glaive!
You die...

* , ## *#... * *#
*#....# .##......
** #######........
, #..ooo#.....#,
,, #$oooo.o.#, * ,
, #..ooo#@.# #. ,
#.oooo#..#####...
,
#.oooo#....#.....
#..ooo#....#...##,
,
#######.........#
#........## *, ,
##.....#.#
###....#### ,
*#.$...<...#*


You could see 3 orc warriors, 2 orc priests and 3 orcs.

Vanquished Creatures
  An ettin (D:15)
  A minotaur (Lab)
  Josephine (D:11)
  A rakshasa (D:14)
  A hydra (D:15)
  Fannar (D:13)
  Erica (D:11)
  3 centaur warriors
  A skeletal warrior (D:14)
  A deep elf knight (D:15)
  Erolcha (D:11)
  7 hill giants
  2 orc knights
  2 griffons
  A wolf spider zombie (D:14)
  A wolf spider (D:15)
  8 ugly things
  A cyclops (D:14)
  A kobold demonologist (D:14)
  2 komodo dragons (D:11)
  A gargoyle (D:14)
  The ghost of Emanloe the Skirmisher, an experienced GrBe of Trog (D:5)
  2 trolls (D:9)
  3 yaktaurs (D:14)
  Sonja (D:13)
  A slime creature (D:7)
  A two-headed ogre (D:15)
  A hornet zombie (D:15)
  A wyvern (D:15)
  2 deep elf magi
  A vampire (D:15)
  4 wraiths
  6 hippogriffs
  14 yaks
  3 hungry ghosts
  A mottled dragon (D:12)
  3 vampire mosquitoes
  Edmund (D:8)
  The ghost of Emanloe the Skirmisher, an average GrBe of Trog (D:3)
  2 soldier ants
  6 sky beasts
  Purgy (Sewer)
  A black bear (D:11)
  14 ogres
  2 spiders (D:9)
  11 orc warriors
  3 wasps
  3 phantoms
  4 ice beasts
  A boring beetle (D:9)
  A necrophage (D:8)
  4 centaurs
  7 big kobolds
  6 giant frogs
  A wyvern zombie (D:13)
  A wyvern skeleton (D:12)
  3 scorpions
  13 killer bees
  3 centaur zombies
  A goliath beetle (D:9)
  6 crimson imps
  A giant frog zombie (D:5)
  6 centaur skeletons
  3 gnoll shamans
  A hound (D:9)
  8 orc priests
  11 jellies
  3 iguanas
  15 orc wizards
  9 worker ants
  A hound skeleton (D:4)
  A worker ant zombie (D:10)
  Robin (D:4)
  30 gnolls
  4 shadow imps
  14 adders
  5 giant mites
  3 worms
  2 adder zombies
  An adder skeleton (D:9)
  10 giant geckos
  14 oozes (D:7)
  51 orcs
  2 bat skeletons
  19 goblins
  22 hobgoblins
  12 jackals
  18 kobolds
  4 quokkas
  4 ball pythons
  12 bats
  7 giant cockroaches
  6 giant newts
  A hobgoblin zombie (D:9)
  A quokka skeleton (D:6)
  19 rats
  2 ballistomycetes
  4 fungi (D:8)
507 creatures vanquished.

Vanquished Creatures (collateral kills)
  An ogre mage (D:13)
  A deep elf knight (D:15)
  A gargoyle (D:11)
  A two-headed ogre (D:13)
  A wraith (D:11)
  A vampire mosquito (D:15)
  An ice beast (D:11)
  A killer bee (D:10)
  2 orcs (D:11)
  A hobgoblin (D:11)
  2 giant spores
  A ballistomycete (D:13)
14 creatures vanquished.

Vanquished Creatures (others)
  A deep troll (D:15)
  2 yaks (D:11)
  A wraith (D:11)
  An ogre (D:13)
  A plant (D:11)
6 creatures vanquished.

Grand Total: 527 creatures vanquished

Notes
Turn   | Place    | Note
--------------------------------------------------------------
     0 | D:1      | PolkaDot, the Vampire Enchanter, began the quest for the Orb.
     0 | D:1      | Reached XP level 1. HP: 13/13 MP: 3/3
   220 | D:1      | Reached skill level 1 in Fighting
   220 | D:1      | Reached XP level 2. HP: 18/21 MP: 4/4
   231 | D:1      | Learned a level 2 spell: Ensorcelled Hibernation
   337 | D:1      | Found an iron altar of Okawaru.
   772 | D:2      | Reached skill level 5 in Hexes
   785 | D:2      | Reached XP level 3. HP: 26/26 MP: 6/6
   833 | D:2      | Found a basalt altar of Yredelemnul.
  1033 | D:2      | Reached skill level 5 in Stealth
  1384 | D:2      | Reached skill level 1 in Ice Magic
  1527 | D:2      | Reached XP level 4. HP: 28/32 MP: 1/7
  2101 | D:2      | Learned a level 3 spell: Confuse
  2368 | D:3      | Noticed a centaur
  2371 | D:3      | Killed a centaur
  2371 | D:3      | Reached skill level 6 in Hexes
  2371 | D:3      | Reached XP level 5. HP: 37/37 MP: 9/9
  2524 | D:3      | Found a glowing drain.
  2551 | Sewer    | Entered a sewer
  2964 | Sewer    | Noticed Purgy
  2972 | Sewer    | Killed Purgy
  2972 | Sewer    | Reached XP level 6. HP: 43/46 MP: 10/10
  3071 | D:3      | Noticed Emanloe's ghost (average GrBe)
  3084 | D:3      | Killed Emanloe's ghost
  3084 | D:3      | Reached skill level 7 in Hexes
  3827 | D:3      | Reached XP level 7. HP: 38/52 MP: 0/12
  4115 | D:3      | Reached skill level 8 in Hexes
  4423 | D:3      | Learned a level 4 spell: Enslavement
  4823 | D:4      | Found Piasy's Assorted Antiques.
  4835 | D:4      | Bought a scroll labeled ROXUTS CEHIXO for 22 gold pieces
  4905 | D:4      | Noticed Robin
  4932 | D:4      | Killed Robin
  5526 | D:5      | Entered Level 5 of the Dungeon
  5685 | D:5      | Reached skill level 9 in Hexes
  5960 | D:5      | Reached XP level 8. HP: 57/60 MP: 7/13
  6381 | D:5      | Noticed Emanloe's ghost (experienced GrBe)
  6393 | D:5      | Killed Emanloe's ghost
  6393 | D:5      | Reached skill level 5 in Short Blades
  6393 | D:5      | Reached skill level 10 in Hexes
  7263 | D:6      | Reached skill level 11 in Hexes
  7531 | D:6      | Found a staircase to the Ecumenical Temple.
  7559 | Temple   | Entered the Ecumenical Temple
  7742 | Temple   | Became a worshipper of Ashenzari the Shackled
  8173 | D:6      | You fall through a shaft for 3 floors!
  8199 | D:9      | Reached XP level 9. HP: 56/65 MP: 14/14
  8378 | D:9      | Reached skill level 12 in Hexes
  8542 | D:9      | Noticed a troll
  8553 | D:9      | Killed a troll
  8553 | D:9      | Reached skill level 10 in Stealth
  9002 | D:9      | Noticed a hill giant
  9009 | D:9      | Killed a hill giant
  9114 | D:9      | Found a glowing silver altar of Zin.
  9274 | D:9      | Reached XP level 10. HP: 35/76 MP: 16/16
  9287 | D:9      | Noticed a troll
  9294 | D:9      | Killed a troll
  9294 | D:9      | Reached skill level 13 in Hexes
  9600 | D:8      | Identified the +2 robe of Complete Protection {rElec Regen+ Int-2 Slay+3}
  9865 | D:8      | Noticed Edmund
  9872 | D:8      | Killed Edmund
  9889 | D:8      | Acquired Ashenzari's first power
 10140 | D:8      | Reached skill level 14 in Hexes
 10853 | D:7      | Found a glowing golden altar of the Shining One.
 10956 | D:7      | Identified the +4 ring mail of Dithmenos' Approval {MR+}
 11170 | D:7      | Acquired Ashenzari's second power
 11295 | D:7      | Reached skill level 15 in Hexes
 11856 | D:10     | Entered Level 10 of the Dungeon
 11874 | D:10     | Reached XP level 11. HP: 81/81 MP: 17/17
 12455 | D:10     | Noticed a hill giant
 12461 | D:10     | Killed a hill giant
 13033 | D:11     | Acquired Ashenzari's third power
 13334 | D:11     | Found a staircase to the Orcish Mines.
 13340 | D:11     | Noticed a hill giant
 13360 | D:11     | Reached skill level 16 in Hexes
 13378 | D:11     | Killed a hill giant
 13409 | D:11     | Noticed Josephine
 13589 | D:11     | Noticed Erolcha
 13604 | D:11     | Killed Erolcha
 13675 | D:11     | Reached skill level 1 in Evocations
 13698 | D:11     | Killed Josephine
 14045 | D:11     | Noticed Erica
 14047 | D:11     | Killed Erica
 14322 | D:11     | Found a staircase to the Lair.
 14409 | D:12     | Noticed a hill giant
 14417 | D:12     | Killed a hill giant
 14478 | D:12     | Reached skill level 17 in Hexes
 14478 | D:12     | Reached XP level 12. HP: 91/91 MP: 18/18
 14644 | D:12     | Reached skill level 1 in Shields
 14765 | D:12     | Found a portal to a secret trove of treasure.
 14770 | Trove    | Entered a treasure trove
 14776 | Trove    | Identified the cursed +2 pair of gloves of Sesuffes {Str+7 Stlth+}
 14776 | Trove    | Identified the cursed amulet of Kun Muun {Spirit rElec rN+ MP-9}
 14776 | Trove    | Identified the cursed ring "Roulaw" {SustAb SInv}
 15260 | D:13     | Gained mutation: Your muscles are strong. (Str +2) [potion of mutation]
 15260 | D:13     | Gained mutation: You tend to lose your temper in combat. [potion of mutation]
 15260 | D:13     | Gained mutation: You are dopey. (Int -2) [potion of mutation]
 15263 | D:13     | Noticed Fannar
 15270 | D:13     | Killed Fannar
 15285 | D:13     | Found a labyrinth entrance.
 15297 | Lab      | Entered a labyrinth
 15372 | Lab      | Noticed a minotaur
 15383 | Lab      | Killed a minotaur
 15389 | Lab      | Identified a -2 rod of the swarm (13/13)
 15391 | Lab      | Identified the +9 war axe of Beogh's Delight {flame, SInv} (You found it in a labyrinth)
 15714 | D:4      | Bought a runed fluorescent amulet for 110 gold pieces
 15966 | D:13     | Noticed a centaur warrior
 15976 | D:13     | Noticed Sonja
 15977 | D:13     | Killed a centaur warrior
 15984 | D:13     | Noticed an ogre mage
 15987 | D:13     | Killed Sonja
 16030 | D:13     | Learned a level 5 spell: Summon Mana Viper
 16066 | D:13     | Killed an ogre mage
 16433 | D:14     | Reached skill level 18 in Hexes
 16546 | D:14     | Noticed a centaur warrior
 16554 | D:14     | Killed a centaur warrior
 16561 | D:14     | Reached skill level 10 in Short Blades
 16877 | D:14     | Found a gate to the Vaults.
 17027 | D:14     | Reached XP level 13. HP: 99/99 MP: 19/19
 17029 | D:14     | Reached skill level 15 in Stealth
 17035 | D:14     | Reached skill level 19 in Hexes
 17216 | D:15     | Entered Level 15 of the Dungeon
 17339 | D:15     | Found a blossoming altar of Fedhas.
 17722 | D:15     | Found a staircase to the Depths.
 17756 | D:15     | Reached skill level 20 in Hexes
 17945 | D:15     | Found Littim's Weapon Shoppe.
 18774 | Orc:1    | Entered Level 1 of the Orcish Mines
 18784 | Orc:1    | Found a roughly hewn altar of Beogh.
 18799 | Orc:1    | Slain by an orc warrior

Action                   |  1- 3 |  4- 6 |  7- 9 | 10-12 | 13-15 || total
-------------------------+-------+-------+-------+-------+-------++-------
Melee: Dagger            |    73 |   139 |   416 |   591 |   121 ||  1340
 Cast: Corona            |     2 |       |       |     3 |       ||     5
       Ensorcelled Hiber |    11 |    11 |    51 |    79 |    19 ||   171
       Confuse           |       |     6 |     6 |    32 |     8 ||    52
       Enslavement       |       |       |       |    12 |     5 ||    17
       Summon Mana Viper |       |       |       |     1 |     2 ||     3
Evoke: Wand              |       |       |       |     3 |       ||     3
  Use: Potion            |     3 |     1 |     1 |    11 |     2 ||    18
       Scroll            |       |     4 |    17 |    11 |     4 ||    36
 Stab: Sleeping          |    29 |    21 |    61 |   119 |    26 ||   256
       Confused          |       |     5 |     7 |    17 |    10 ||    39
       Invisible         |       |       |     4 |    11 |       ||    15
       Distracted        |       |       |     1 |     6 |     1 ||     8
  Eat: Corpse            |       |     1 |       |     3 |       ||     4
